Tampa Bay Lightning vs Anaheim Ducks (R2)

Created - Friday, November 28, 2025 at 08:55

Goals
1 2 3 T
Tampa Bay Lightning 1 3 0 4
Anaheim Ducks 0 1 0 1
Shots
1 2 3 T
Tampa Bay Lightning 15 13 7 35
Anaheim Ducks 7 18 6 31

1st period

1. Tampa Bay Lightning , Filip Forsberg 4 (Anze Kopitar 3) at 18:03

Penalties :
No Penalty

2nd period

2. Tampa Bay Lightning , Anze Kopitar 1 (Vincent Desharnais 3, Dmitry Orlov 3) at 14:38
3. Tampa Bay Lightning , Claude Giroux 1 (Jamie Benn 1, Darnell Nurse 2) at 15:28
4. Anaheim Ducks , Mark Scheifele 2 (Joshua Morrissey 1, Nazem Kadri 4) at 16:44 (PP)
5. Tampa Bay Lightning , Jonathan Huberdeau 1 (Filip Forsberg 2, Anze Kopitar 4) at 18:15

Penalties :
Darnell Nurse (TBL) for Hooking (Minor) at 2:27, Mark Scheifele (ANA) for Holding Stick (Minor) at 2:30, Roope Hintz (TBL) for High sticking (Minor) at 6:50, Vincent Desharnais (TBL) for Cross-checking (Minor) at 10:42, Ben Chiarot (TBL) for Interference (Minor) at 16:05

3rd period

No Goal

Penalties :
Michael Matheson (TBL) for Holding (Minor) at 0:28, Vincent Desharnais (TBL) for Tripping (Minor) at 2:36, Vincent Desharnais (TBL) for Hooking (Minor) at 5:32

Goalie Stats

Darcy Kuemper (TBL), 30 saves from 31 shots - (0.968), W, 2-2-0, 60:00 minutes
Linus Ullmark (ANA), 31 saves from 35 shots - (0.886), L, 2-2-0, 60:00 minutes

Players Stats for Tampa Bay Lightning

Player Name              G  A  P  +/- PIM S  H  SB GA TA FO     MP     PP MP  PK MP  
------------------------------------------------------------------------------------
Anze Kopitar             1  2  3   3  0   2  1  2  0  0  9/15   19:12   0:00   5:21 
Ben Chiarot              0  0  0   1  2   1  0  0  0  0  0/0    24:07   0:03   5:08 
Claude Giroux            1  0  1   1  0   2  2  1  0  0  6/17   15:05   0:00   0:44 
Darnell Nurse            0  1  1   2  2   3  2  2  0  1  0/0    24:17   0:03   5:22 
Dmitry Orlov             0  1  1   1  0   1  1  0  0  1  0/0    16:15   0:03   5:15 
Dylan Cozens             0  0  0   0  0   1  1  0  0  0  0/0    13:00   0:00   0:00 
Filip Forsberg           1  1  2   3  0   4  1  0  2  0  0/2    13:41   0:00   0:00 
Gustav Nyquist           0  0  0   0  0   1  0  1  0  1  0/1     8:59   0:03   0:19 
Jamie Benn               0  1  1   1  0   2  1  0  0  0  1/1    18:30   0:00   5:15 
Jason Dickinson          0  0  0   0  0   2  2  0  1  0  6/9    12:15   0:00   4:45 
Jonathan Huberdeau       1  0  1   3  0   2  3  0  1  0  1/1    12:50   0:00   0:00 
Kirill Kaprizov          0  0  0   1  0   2  0  0  0  0  0/0    13:43   0:03   0:00 
Michael Matheson         0  0  0   1  2   2  3  3  1  0  0/0    19:35   0:00   0:00 
Moritz Seider            0  0  0   2  0   1  2  2  0  1  0/0    25:51   0:00   5:15 
Roope Hintz              0  0  0   0  2   3  0  0  0  0  12/18  13:19   0:00   0:00 
Travis Konecny           0  0  0   0  0   5  2  1  1  0  0/0    13:56   0:00   0:00 
Trevor Moore             0  0  0   0  0   1  2  0  0  0  0/0    12:21   0:00   4:50 
Vincent Desharnais       0  1  1   1  6   0  0  1  0  0  0/0    10:24   0:00   0:14 

Players Stats for Anaheim Ducks

Player Name              G  A  P  +/- PIM S  H  SB GA TA FO     MP     PP MP  PK MP  
------------------------------------------------------------------------------------
Alex Killorn             0  0  0  -1  0   0  0  0  0  0  1/1    12:46   0:23   0:00 
Brayden Schenn           0  0  0  -1  0   1  2  1  0  0  0/0    20:49   5:10   0:00 
Brenden Dillon           0  0  0  -2  0   0  3  1  0  0  0/0    14:55   0:00   0:00 
Chandler Stephenson      0  0  0  -1  0   3  1  1  2  0  2/5    13:04   0:21   0:01 
Esa Lindell              0  0  0   0  0   2  0  2  0  0  0/0    22:57   0:00   0:03 
Ivan Provorov            0  0  0  -3  0   0  1  1  0  2  0/0    23:30   4:25   0:00 
J.T. Compher             0  0  0   0  0   1  0  1  0  1  0/3     7:28   0:21   0:02 
John Tavares             0  0  0  -1  0   2  2  0  1  0  13/26  21:16   5:12   0:00 
Joshua Morrissey         0  1  1   0  0   6  3  1  0  0  0/0    24:15   6:12   0:03 
Kevin Bahl               0  0  0   0  0   0  0  0  0  0  0/0     4:15   0:00   0:00 
Mark Scheifele           1  0  1  -2  2   2  1  0  0  0  10/18  19:05   5:03   0:00 
Mason Marchment          0  0  0  -1  0   3  3  0  0  1  0/0    19:55   5:12   0:00 
Morgan Rielly            0  0  0   0  0   0  0  0  0  0  0/0     9:49   6:12   0:00 
Nazem Kadri              0  1  1  -2  0   3  1  0  0  0  1/3    19:37   5:04   0:02 
Parker Kelly             0  0  0   0  0   0  0  0  1  1  0/0     6:42   0:00   0:01 
Philip Broberg           0  0  0  -3  0   0  2  1  0  0  0/0    20:19   4:25   0:00 
Will Cuylle              0  0  0  -1  0   4  0  0  0  0  1/1    12:11   0:00   0:00 
William Nylander         0  0  0  -2  0   4  1  1  0  1  1/7    25:07   5:04   0:00 

3 Stars

1 - Anze Kopitar (TBL)
2 - Filip Forsberg (TBL)
3 - Jonathan Huberdeau (TBL)

Power Play

Tampa Bay Lightning - 0 on 1 Attempt(s) - 0.00%
Anaheim Ducks - 1 on 7 Attempt(s) - 14.29%

Penalty Kill

Tampa Bay Lightning - 6 on 7 Attempt(s) - 85.71% - Score 0 goal in Penalty Kill
Anaheim Ducks - 1 on 1 Attempt(s) - 100.00% - Score 0 goal in Penalty Kill

Team Stat

Tampa Bay Lightning - Hits : 23 - Faceoff Wins : 35 - Blocked Shots : 13 - Penalty Minutes : 14
Anaheim Ducks - Hits : 20 - Faceoff Wins : 29 - Blocked Shots : 10 - Penalty Minutes : 2

Official

Referees : Mitch Dunning and Tom Chmielewski
Linesman : Brad Kovachik and Tommy Hughes

Game Notes

Kevin Bahl is injured at 14:33 of 1st period (Lower Body)

Finance

Level 1 -- Attendance: 5203 (86.72%) -- Ticket Income $520,300
Level 2 -- Attendance: 4372 (87.44%) -- Ticket Income $262,320
Level 3 -- Attendance: 2133 (71.10%) -- Ticket Income $98,118
Level 4 -- Attendance: 4563 (91.26%) -- Ticket Income $114,075
Luxury Box -- Attendance: 822 (82.20%) -- Ticket Income $164,400
Game was played at the Honda Center.
Total Attendance: 17093 (85.47%)
Total Ticket Income: $1,159,213
Other Income: $405,725
Total Income: $1,564,938

Tampa Bay Lightning

5 vs 5 Forward 
   Center                   Left Wing                Right Wing               Time % Phy DF OF 
 1 Roope Hintz              Travis Konecny           Dylan Cozens             30     1   2  2  
 2 Anze Kopitar             Filip Forsberg           Jonathan Huberdeau       30     1   2  2  
 3 Claude Giroux            Jamie Benn               Kirill Kaprizov          30     1   2  2  
 4 Jason Dickinson          Gustav Nyquist           Trevor Moore             10     1   2  2  

5 vs 5 Defense 
   Defense                  Defense                                           Time % Phy DF OF 
 1 Moritz Seider            Darnell Nurse                                     40     1   2  2  
 2 Michael Matheson         Ben Chiarot                                       40     1   2  2  
 3 Dmitry Orlov             Vincent Desharnais                                20     1   2  2  
 4 Moritz Seider            Michael Matheson                                  0      1   2  2  

PowerPlay Forward 
   Center                   Left Wing                Right Wing               Time % Phy DF OF 
 1 Claude Giroux            Kirill Kaprizov          Filip Forsberg           50     1   2  2  
 2 Anze Kopitar             Travis Konecny           Roope Hintz              50     1   2  2  

PowerPlay Defense
   Defense                  Defense                                           Time % Phy DF OF 
 1 Michael Matheson         Moritz Seider                                     50     1   2  2  
 2 Dmitry Orlov             Darnell Nurse                                     50     1   2  2  

Penalty Kill 4 Players Forward 
   Center                   Wing                     Time % Phy DF OF 
 1 Anze Kopitar             Jamie Benn               50     1   2  2  
 2 Jason Dickinson          Trevor Moore             50     1   2  2  

Penalty Kill 4 Players Defense
   Defense                  Defense                  Time % Phy DF OF 
 1 Darnell Nurse            Ben Chiarot              50     1   2  2  
 2 Moritz Seider            Dmitry Orlov             50     1   2  2  

Penalty Kill - 3 Players Forward 
   Forward                                           Time % Phy DF OF 
 1 Anze Kopitar                                      50     1   2  2  
 2 Jason Dickinson                                   50     1   2  2  

Penalty Kill - 3 Players Defense
   Defense                  Defense                  Time % Phy DF OF 
 1 Darnell Nurse            Ben Chiarot              50     1   2  2  
 2 Moritz Seider            Michael Matheson         50     1   2  2  

4 vs 4 Forward 
   Center                   Wing                     Time % Phy DF OF 
 1 Claude Giroux            Travis Konecny           50     1   2  2  
 2 Anze Kopitar             Filip Forsberg           50     1   2  2  

4 vs 4 Defense
   Defense                  Defense                  Time % Phy DF OF 
 1 Michael Matheson         Ben Chiarot              50     1   2  2  
 2 Moritz Seider            Darnell Nurse            50     1   2  2  

Last Minutes Offensive
   Center                   Left Wing                Right Wing               Defense                  Defense                  
   Claude Giroux            Kirill Kaprizov          Filip Forsberg           Michael Matheson         Moritz Seider            

Last Minutes Defensive
   Center                   Left Wing                Right Wing               Defense                  Defense                  
   Anze Kopitar             Travis Konecny           Claude Giroux            Michael Matheson         Moritz Seider            

Goaltenders
Starting : Darcy Kuemper            
Backup : Jeremy Swayman           

Extra Forwards
Normal : Anze Kopitar, Gustav Nyquist, Claude Giroux - PP : Jonathan Huberdeau, Trevor Moore - PK : Claude Giroux
Extra Defensemen
Normal : Ben Chiarot, Moritz Seider, Darnell Nurse - PP : Moritz Seider - PK : Darnell Nurse, Vincent Desharnais
Penalty Shots
Trevor Moore, Filip Forsberg, Kirill Kaprizov, Gustav Nyquist, Jonathan Huberdeau

Scratches
Hampus Lindholm (Healthy)

Anaheim Ducks

5 vs 5 Forward 
   Center                   Left Wing                Right Wing               Time % Phy DF OF 
 1 Mark Scheifele           Nazem Kadri              William Nylander         35     1   2  2  
 2 John Tavares             Mason Marchment          Brayden Schenn           35     1   2  2  
 3 Chandler Stephenson      Will Cuylle              Alex Killorn             20     1   2  2  
 4 J.T. Compher             Parker Kelly             William Nylander         10     1   2  2  

5 vs 5 Defense 
   Defense                  Defense                                           Time % Phy DF OF 
 1 Esa Lindell              Joshua Morrissey                                  36     1   2  2  
 2 Ivan Provorov            Philip Broberg                                    33     1   2  2  
 3 Kevin Bahl               Brenden Dillon                                    27     1   2  2  
 4 Esa Lindell              Morgan Rielly                                     4      1   2  2  

PowerPlay Forward 
   Center                   Left Wing                Right Wing               Time % Phy DF OF 
 1 Mark Scheifele           Nazem Kadri              William Nylander         50     1   0  4  
 2 John Tavares             Mason Marchment          Brayden Schenn           50     1   0  4  

PowerPlay Defense
   Defense                  Defense                                           Time % Phy DF OF 
 1 Joshua Morrissey         Morgan Rielly                                     60     1   1  3  
 2 Ivan Provorov            Philip Broberg                                    40     1   2  2  

Penalty Kill 4 Players Forward 
   Center                   Wing                     Time % Phy DF OF 
 1 Chandler Stephenson      Parker Kelly             50     1   3  1  
 2 J.T. Compher             Alex Killorn             50     1   3  1  

Penalty Kill 4 Players Defense
   Defense                  Defense                  Time % Phy DF OF 
 1 Esa Lindell              Ivan Provorov            60     1   4  0  
 2 Brenden Dillon           Philip Broberg           40     1   4  0  

Penalty Kill - 3 Players Forward 
   Forward                                           Time % Phy DF OF 
 1 Chandler Stephenson                               55     1   4  0  
 2 Parker Kelly                                      45     1   4  0  

Penalty Kill - 3 Players Defense
   Defense                  Defense                  Time % Phy DF OF 
 1 Esa Lindell              Ivan Provorov            60     1   4  0  
 2 Brenden Dillon           Philip Broberg           40     1   4  0  

4 vs 4 Forward 
   Center                   Wing                     Time % Phy DF OF 
 1 Mark Scheifele           William Nylander         60     1   2  2  
 2 John Tavares             Nazem Kadri              40     1   2  2  

4 vs 4 Defense
   Defense                  Defense                  Time % Phy DF OF 
 1 Esa Lindell              Joshua Morrissey         60     1   2  2  
 2 Brenden Dillon           Ivan Provorov            40     1   2  2  

Last Minutes Offensive
   Center                   Left Wing                Right Wing               Defense                  Defense                  
   John Tavares             Nazem Kadri              William Nylander         Joshua Morrissey         Morgan Rielly            

Last Minutes Defensive
   Center                   Left Wing                Right Wing               Defense                  Defense                  
   Chandler Stephenson      Alex Killorn             Parker Kelly             Ivan Provorov            Esa Lindell              

Goaltenders
Starting : Linus Ullmark            
Backup : James Reimer             

Extra Forwards
Normal : Nazem Kadri, John Tavares, William Nylander - PP : Nazem Kadri, William Nylander - PK : Chandler Stephenson
Extra Defensemen
Normal : Esa Lindell, Ivan Provorov, Brenden Dillon - PP : Joshua Morrissey - PK : Esa Lindell, Ivan Provorov
Penalty Shots
Chandler Stephenson, Mark Scheifele, Brayden Schenn, Alex Killorn, William Nylander

Scratches
Jonny Brodzinski (Healthy)

% Time on Ice - Tampa Bay Lightning

Lines # - Real PCT - Wanted PCT - Time Play
Normal Forward
1 - 28% - 30% - 13:20
2 - 28% - 30% - 13:22
3 - 28% - 30% - 13:12
4 - 16% - 10% - 7:30
Normal Defense
1 - 39% - 40% - 18:31
2 - 38% - 40% - 17:56
3 - 21% - 20% - 10:04
4 - 2% - 0% - 0:53
PP Forward
1 - 0% - 50% - 0:00
2 - 100% - 50% - 0:03
PP Defense
1 - 0% - 50% - 0:00
2 - 100% - 50% - 0:03
PK Forward
1 - 50% - 50% - 5:21
2 - 50% - 50% - 5:16
PK Defense
1 - 51% - 50% - 5:22
2 - 49% - 50% - 5:15
PK3 Forward
1 - 0% - 50%
2 - 0% - 50%
PK3 Defense
1 - 0% - 50%
2 - 0% - 50%
44 Forward
1 - 51% - 50% - 0:59
2 - 49% - 50% - 0:57
44 Defense
1 - 22% - 50% - 0:26
2 - 78% - 50% - 1:30
Last Minute Offensive  - 0:00
Last Minute Defensive  - 0:00
Total
Forward - 60:00
Defense - 60:00

% Time on Ice - Anaheim Ducks

Lines # - Real PCT - Wanted PCT - Time Play
Normal Forward
1 - 30% - 35% - 14:02
2 - 31% - 35% - 14:52
3 - 26% - 20% - 12:11
4 - 13% - 10% - 6:19
Normal Defense
1 - 32% - 36% - 15:24
2 - 31% - 33% - 14:31
3 - 30% - 27% - 14:07
4 - 7% - 4% - 3:22
PP Forward
1 - 50% - 50% - 5:16
2 - 50% - 50% - 5:21
PP Defense
1 - 58% - 60% - 6:12
2 - 42% - 40% - 4:25
PK Forward
1 - 100% - 50% - 0:03
2 - 0% - 50% - 0:00
PK Defense
1 - 100% - 60% - 0:03
2 - 0% - 40% - 0:00
PK3 Forward
1 - 0% - 55%
2 - 0% - 45%
PK3 Defense
1 - 0% - 60%
2 - 0% - 40%
44 Forward
1 - 100% - 60% - 1:56
2 - 0% - 40% - 0:00
44 Defense
1 - 59% - 60% - 1:08
2 - 41% - 40% - 0:48
Last Minute Offensive  - 0:00
Last Minute Defensive  - 0:00
Total
Forward - 60:00
Defense - 60:00

Play-by-Play

1st period


0:01 of 1st period - Roope Hintz wins face-off versus William Nylander in neutral zone.
0:04 of 1st period - Snap shot by Travis Konecny.
0:04 of 1st period - Stopped by Linus Ullmark without a rebound.
0:05 of 1st period - Roope Hintz wins face-off versus Mark Scheifele in Anaheim Ducks zone.
0:22 of 1st period - Wrist shot by Roope Hintz.
0:22 of 1st period - Stopped by Linus Ullmark with a rebound.
0:32 of 1st period - Darnell Nurse is hit by Joshua Morrissey and loses puck.
0:37 of 1st period - Slapshot by John Tavares.
0:37 of 1st period - Deflect By Moritz Seider.
0:37 of 1st period - Shot Misses the Net.
0:37 of 1st period - Puck is out of play.
0:38 of 1st period - John Tavares wins face-off versus Claude Giroux in Tampa Bay Lightning zone.
0:39 of 1st period - Snap shot by Mason Marchment.
0:39 of 1st period - Stopped by Darcy Kuemper without a rebound.
0:40 of 1st period - Chandler Stephenson wins face-off versus Claude Giroux in Tampa Bay Lightning zone.
0:47 of 1st period - Snap shot by Will Cuylle.
0:47 of 1st period - Shot Blocked by Michael Matheson.
0:49 of 1st period - Slapshot by Ivan Provorov.
0:49 of 1st period - Shot Blocked by Michael Matheson.
0:51 of 1st period - Snap shot by Will Cuylle.
0:51 of 1st period - Stopped by Darcy Kuemper without a rebound.
0:52 of 1st period - John Tavares wins face-off versus Jason Dickinson in Tampa Bay Lightning zone.
1:38 of 1st period - Off-side.
1:39 of 1st period - Alex Killorn wins face-off versus Claude Giroux in neutral zone.
1:54 of 1st period - Snap shot by Kirill Kaprizov.
1:54 of 1st period - Stopped by Linus Ullmark with a rebound.
2:14 of 1st period - Wrist shot by William Nylander.
2:14 of 1st period - Stopped by Darcy Kuemper with a rebound.
2:30 of 1st period - Snap shot by Mason Marchment.
2:30 of 1st period - Stopped by Darcy Kuemper without a rebound.
2:31 of 1st period - John Tavares wins face-off versus Filip Forsberg in Tampa Bay Lightning zone.
3:06 of 1st period - Backhand shot by Kirill Kaprizov.
3:06 of 1st period - Stopped by Linus Ullmark without a rebound.
3:07 of 1st period - John Tavares wins face-off versus Roope Hintz in Anaheim Ducks zone.
4:07 of 1st period - Wrist shot by Anze Kopitar.
4:07 of 1st period - Shot Misses the Net.
4:19 of 1st period - Wrist shot by Trevor Moore.
4:19 of 1st period - Shot Misses the Net.
4:21 of 1st period - Snap shot by Moritz Seider.
4:21 of 1st period - Stopped by Linus Ullmark with a rebound.
4:23 of 1st period - Slapshot by Darnell Nurse.
4:23 of 1st period - Shot Blocked by Brayden Schenn.
4:25 of 1st period - Slapshot by Darnell Nurse.
4:25 of 1st period - Stopped by Linus Ullmark with a rebound.
4:27 of 1st period - Snap shot by Jason Dickinson.
4:27 of 1st period - Stopped by Linus Ullmark with a rebound.
5:20 of 1st period - Slapshot by John Tavares.
5:20 of 1st period - Stopped by Darcy Kuemper without a rebound.
5:21 of 1st period - John Tavares wins face-off versus Anze Kopitar in Tampa Bay Lightning zone.
5:30 of 1st period - Snap shot by Mason Marchment.
5:30 of 1st period - Shot Blocked by Moritz Seider.
5:41 of 1st period - Joshua Morrissey is hit by Darnell Nurse and loses puck.
5:50 of 1st period - Wrist shot by Jonathan Huberdeau.
5:50 of 1st period - Shot Misses the Net.
6:30 of 1st period - Snap shot by Filip Forsberg.
6:30 of 1st period - Stopped by Linus Ullmark without a rebound.
6:31 of 1st period - Roope Hintz wins face-off versus Nazem Kadri in Anaheim Ducks zone.
7:27 of 1st period - Snap shot by Trevor Moore.
7:27 of 1st period - Stopped by Linus Ullmark without a rebound.
7:28 of 1st period - Roope Hintz wins face-off versus Mark Scheifele in Anaheim Ducks zone.
7:29 of 1st period - Wrist shot by Travis Konecny.
7:29 of 1st period - Stopped by Linus Ullmark with a rebound.
7:55 of 1st period - Philip Broberg is hit by Dmitry Orlov and loses puck.
8:04 of 1st period - Wrist shot by Claude Giroux.
8:04 of 1st period - Stopped by Linus Ullmark with a rebound.
9:17 of 1st period - Brenden Dillon is hit by Moritz Seider and loses puck.
10:02 of 1st period - Snap shot by Roope Hintz.
10:02 of 1st period - Shot Misses the Net.
10:35 of 1st period - Ivan Provorov is hit by Jamie Benn and loses puck.
10:42 of 1st period - Wrist shot by Jamie Benn.
10:42 of 1st period - Shot Misses the Net.
10:44 of 1st period - Wrist shot by Jamie Benn.
10:44 of 1st period - Shot Blocked by J.T. Compher.
11:22 of 1st period - Slapshot by Chandler Stephenson.
11:22 of 1st period - Shot Misses the Net.
11:34 of 1st period - Snap shot by Will Cuylle.
11:34 of 1st period - Stopped by Darcy Kuemper without a rebound.
11:35 of 1st period - Claude Giroux wins face-off versus John Tavares in Tampa Bay Lightning zone.
12:08 of 1st period - Slapshot by Chandler Stephenson.
12:08 of 1st period - Stopped by Darcy Kuemper with a rebound.
12:10 of 1st period - Slapshot by Esa Lindell.
12:10 of 1st period - Shot Misses the Net.
12:12 of 1st period - Wrist shot by Esa Lindell.
12:12 of 1st period - Shot Blocked by Vincent Desharnais.
13:11 of 1st period - Slapshot by Jamie Benn.
13:11 of 1st period - Shot Misses the Net.
13:35 of 1st period - Wrist shot by Dylan Cozens.
13:35 of 1st period - Stopped by Linus Ullmark without a rebound.
13:36 of 1st period - Jonathan Huberdeau wins face-off versus Mark Scheifele in Anaheim Ducks zone.
14:32 of 1st period - Kevin Bahl is hit by Filip Forsberg and loses puck.
14:33 of 1st period - Kevin Bahl from Anaheim Ducks is injured at 14:33 of 1st period (Lower Body).
14:34 of 1st period - Jamie Benn wins face-off versus William Nylander in Anaheim Ducks zone.
14:41 of 1st period - Backhand shot by Kirill Kaprizov.
14:41 of 1st period - Shot Misses the Net.
16:10 of 1st period - Slapshot by Brayden Schenn.
16:10 of 1st period - Shot Misses the Net.
16:35 of 1st period - Wrist shot by William Nylander.
16:35 of 1st period - Shot Misses the Net.
16:53 of 1st period - Alex Killorn is hit by Dylan Cozens and loses puck.
17:14 of 1st period - Snap shot by Trevor Moore.
17:14 of 1st period - Shot Misses the Net.
17:16 of 1st period - Slapshot by Jason Dickinson.
17:16 of 1st period - Stopped by Linus Ullmark without a rebound.
17:17 of 1st period - Mark Scheifele wins face-off versus Gustav Nyquist in Anaheim Ducks zone.
17:55 of 1st period - Snap shot by Jason Dickinson.
17:55 of 1st period - Shot Blocked by Brenden Dillon.
17:57 of 1st period - Wrist shot by Gustav Nyquist.
17:57 of 1st period - Shot Misses the Net.
17:59 of 1st period - Wrist shot by Trevor Moore.
17:59 of 1st period - Shot Blocked by Chandler Stephenson.
18:01 of 1st period - Wrist shot by Michael Matheson.
18:01 of 1st period - Stopped by Linus Ullmark without a rebound.
18:02 of 1st period - Anze Kopitar wins face-off versus John Tavares in Anaheim Ducks zone.
18:03 of 1st period - Snap shot by Filip Forsberg.
18:03 of 1st period - Goal by Filip Forsberg - Tampa Bay Lightning : 1 - Anaheim Ducks : 0.
18:04 of 1st period - Anze Kopitar wins face-off versus William Nylander in neutral zone.
19:36 of 1st period - Icing by Ben Chiarot.
19:37 of 1st period - Mark Scheifele wins face-off versus Filip Forsberg in Tampa Bay Lightning zone.
Goals for this period are 1 for Tampa Bay Lightning vs 0 for Anaheim Ducks.
Shots for this period are 15 for Tampa Bay Lightning vs 7 for Anaheim Ducks.

2nd period


0:01 of 2nd period - Roope Hintz wins face-off versus William Nylander in neutral zone.
0:04 of 2nd period - Snap shot by Travis Konecny.
0:04 of 2nd period - Shot Misses the Net.
0:12 of 2nd period - Roope Hintz is hit by Nazem Kadri and loses puck.
0:53 of 2nd period - Darnell Nurse is hit by Philip Broberg and loses puck.
1:10 of 2nd period - Slapshot by J.T. Compher.
1:10 of 2nd period - Stopped by Darcy Kuemper without a rebound.
1:11 of 2nd period - Jason Dickinson wins face-off versus John Tavares in Tampa Bay Lightning zone.
1:11 of 2nd period - Jason Dickinson is hit by Joshua Morrissey.
1:27 of 2nd period - Joshua Morrissey is hit by Trevor Moore and loses puck.
2:00 of 2nd period - Wrist shot by Mason Marchment.
2:00 of 2nd period - Shot Misses the Net.
2:03 of 2nd period - Icing by Ben Chiarot.
2:04 of 2nd period - Jason Dickinson wins face-off versus Mark Scheifele in Tampa Bay Lightning zone.
2:04 of 2nd period - Jason Dickinson is hit by William Nylander.
2:24 of 2nd period - Snap shot by Trevor Moore.
2:24 of 2nd period - Deflect By Jason Dickinson.
2:24 of 2nd period - Shot Misses the Net.
2:24 of 2nd period - Puck is out of play.
2:25 of 2nd period - Roope Hintz wins face-off versus Chandler Stephenson in Anaheim Ducks zone.
2:27 of 2nd period - Minor Penalty to Darnell Nurse for Hooking.
2:28 of 2nd period - Mark Scheifele wins face-off versus Anze Kopitar in Tampa Bay Lightning zone.
2:30 of 2nd period - Minor Penalty to Mark Scheifele for Holding Stick.
2:31 of 2nd period - Nazem Kadri wins face-off versus Claude Giroux in Anaheim Ducks zone.
2:41 of 2nd period - Wrist shot by Nazem Kadri.
2:41 of 2nd period - Shot Misses the Net.
3:04 of 2nd period - Michael Matheson is hit by John Tavares and loses puck.
3:38 of 2nd period - Anze Kopitar is hit by Brenden Dillon.
4:27 of 2nd period - Penalty to Darnell Nurse is over, Darnell Nurse is back on ice.
4:30 of 2nd period - Penalty to Mark Scheifele is over, Mark Scheifele is back on ice.
4:41 of 2nd period - Snap shot by Kirill Kaprizov.
4:41 of 2nd period - Shot Misses the Net.
4:43 of 2nd period - Snap shot by Gustav Nyquist.
4:43 of 2nd period - Shot Misses the Net.
4:45 of 2nd period - Slapshot by Ben Chiarot.
4:45 of 2nd period - Shot Misses the Net.
4:47 of 2nd period - Slapshot by Ben Chiarot.
4:47 of 2nd period - Shot Misses the Net.
4:49 of 2nd period - Wrist shot by Ben Chiarot.
4:49 of 2nd period - Shot Blocked by Joshua Morrissey.
4:51 of 2nd period - Slapshot by Darnell Nurse.
4:51 of 2nd period - Stopped by Linus Ullmark without a rebound.
4:52 of 2nd period - Roope Hintz wins face-off versus John Tavares in Anaheim Ducks zone.
5:22 of 2nd period - Slapshot by Mark Scheifele.
5:22 of 2nd period - Deflect By William Nylander.
5:22 of 2nd period - Stopped by Darcy Kuemper without a rebound.
5:23 of 2nd period - Will Cuylle wins face-off versus Claude Giroux in Tampa Bay Lightning zone.
5:26 of 2nd period - Wrist shot by Alex Killorn.
5:26 of 2nd period - Shot Misses the Net.
5:39 of 2nd period - Icing by Ivan Provorov.
5:40 of 2nd period - Roope Hintz wins face-off versus Chandler Stephenson in Anaheim Ducks zone.
6:14 of 2nd period - Slapshot by Joshua Morrissey.
6:14 of 2nd period - Deflect By William Nylander.
6:14 of 2nd period - Stopped by Darcy Kuemper without a rebound.
6:15 of 2nd period - Mark Scheifele wins face-off versus Anze Kopitar in Tampa Bay Lightning zone.
6:18 of 2nd period - Wrist shot by Mark Scheifele.
6:18 of 2nd period - Stopped by Darcy Kuemper without a rebound.
6:19 of 2nd period - Anze Kopitar wins face-off versus William Nylander in Tampa Bay Lightning zone.
6:24 of 2nd period - Ivan Provorov is hit by Jonathan Huberdeau and loses puck.
6:50 of 2nd period - Minor Penalty to Roope Hintz for High sticking.
6:51 of 2nd period - Jason Dickinson wins face-off versus John Tavares in Tampa Bay Lightning zone.
7:00 of 2nd period - Slapshot by Joshua Morrissey.
7:00 of 2nd period - Deflect By Jamie Benn.
7:00 of 2nd period - Stopped by Darcy Kuemper without a rebound.
7:01 of 2nd period - John Tavares wins face-off versus Anze Kopitar in Tampa Bay Lightning zone.
7:02 of 2nd period - Slapshot by Brayden Schenn.
7:02 of 2nd period - Stopped by Darcy Kuemper with a rebound.
7:04 of 2nd period - Slapshot by Joshua Morrissey.
7:04 of 2nd period - Deflect By John Tavares.
7:04 of 2nd period - Shot Blocked by Darnell Nurse.
7:04 of 2nd period - Puck is out of play.
7:05 of 2nd period - Jason Dickinson wins face-off versus Mark Scheifele in Tampa Bay Lightning zone.
7:32 of 2nd period - Dmitry Orlov is hit by Brayden Schenn and loses puck.
8:11 of 2nd period - Jamie Benn is hit by Mason Marchment and loses puck.
8:50 of 2nd period - Penalty to Roope Hintz is over, Roope Hintz is back on ice.
8:59 of 2nd period - Anze Kopitar is hit by Chandler Stephenson and loses puck.
9:16 of 2nd period - William Nylander is hit by Michael Matheson.
10:08 of 2nd period - Brayden Schenn is hit by Claude Giroux and loses puck.
10:28 of 2nd period - Slapshot by Joshua Morrissey.
10:28 of 2nd period - Stopped by Darcy Kuemper with a rebound.
10:30 of 2nd period - Snap shot by Mason Marchment.
10:30 of 2nd period - Shot Misses the Net.
10:32 of 2nd period - Slapshot by Joshua Morrissey.
10:32 of 2nd period - Stopped by Darcy Kuemper with a rebound.
10:34 of 2nd period - Slapshot by Joshua Morrissey.
10:34 of 2nd period - Shot Misses the Net.
10:36 of 2nd period - Slapshot by Brenden Dillon.
10:36 of 2nd period - Shot Blocked by Anze Kopitar.
10:38 of 2nd period - Snap shot by Brayden Schenn.
10:38 of 2nd period - Deflect By John Tavares.
10:38 of 2nd period - Stopped by Darcy Kuemper without a rebound.
10:39 of 2nd period - Claude Giroux wins face-off versus Nazem Kadri in Tampa Bay Lightning zone.
10:39 of 2nd period - Claude Giroux is hit by Brenden Dillon.
10:42 of 2nd period - Minor Penalty to Vincent Desharnais for Cross-checking.
10:43 of 2nd period - Jason Dickinson wins face-off versus Mark Scheifele in Tampa Bay Lightning zone.
10:53 of 2nd period - Slapshot by Joshua Morrissey.
10:53 of 2nd period - Shot Blocked by Anze Kopitar.
12:42 of 2nd period - Penalty to Vincent Desharnais is over, Vincent Desharnais is back on ice.
12:47 of 2nd period - Slapshot by Travis Konecny.
12:47 of 2nd period - Shot Misses the Net.
12:49 of 2nd period - Snap shot by Travis Konecny.
12:49 of 2nd period - Shot Blocked by Philip Broberg.
12:51 of 2nd period - Wrist shot by Moritz Seider.
12:51 of 2nd period - Shot Misses the Net.
12:53 of 2nd period - Slapshot by Michael Matheson.
12:53 of 2nd period - Shot Blocked by Ivan Provorov.
12:55 of 2nd period - Snap shot by Travis Konecny.
12:55 of 2nd period - Stopped by Linus Ullmark without a rebound.
12:56 of 2nd period - Roope Hintz wins face-off versus J.T. Compher in Anaheim Ducks zone.
13:01 of 2nd period - Wrist shot by Roope Hintz.
13:01 of 2nd period - Stopped by Linus Ullmark without a rebound.
13:02 of 2nd period - Roope Hintz wins face-off versus J.T. Compher in Anaheim Ducks zone.
13:07 of 2nd period - Wrist shot by Roope Hintz.
13:07 of 2nd period - Shot Hit the Post.
13:09 of 2nd period - Wrist shot by Dylan Cozens.
13:09 of 2nd period - Deflect By Travis Konecny.
13:09 of 2nd period - Shot Misses the Net.
13:09 of 2nd period - Puck is out of play.
13:10 of 2nd period - Claude Giroux wins face-off versus John Tavares in Anaheim Ducks zone.
13:19 of 2nd period - Slapshot by Jamie Benn.
13:19 of 2nd period - Shot Misses the Net.
13:39 of 2nd period - Snap shot by Filip Forsberg.
13:39 of 2nd period - Stopped by Linus Ullmark without a rebound.
13:40 of 2nd period - Mark Scheifele wins face-off versus Anze Kopitar in Anaheim Ducks zone.
13:40 of 2nd period - Mark Scheifele is hit by Jonathan Huberdeau.
14:12 of 2nd period - Wrist shot by Jonathan Huberdeau.
14:12 of 2nd period - Shot Misses the Net.
14:32 of 2nd period - Snap shot by Jonathan Huberdeau.
14:32 of 2nd period - Stopped by Linus Ullmark with a rebound.
14:34 of 2nd period - Wrist shot by Anze Kopitar.
14:34 of 2nd period - Shot Blocked by William Nylander.
14:36 of 2nd period - Wrist shot by Dmitry Orlov.
14:36 of 2nd period - Stopped by Linus Ullmark with a rebound.
14:38 of 2nd period - Wrist shot by Vincent Desharnais.
14:38 of 2nd period - Deflect By Anze Kopitar.
14:38 of 2nd period - Goal by Anze Kopitar - Tampa Bay Lightning : 2 - Anaheim Ducks : 0.
14:39 of 2nd period - Claude Giroux wins face-off versus John Tavares in neutral zone.
14:42 of 2nd period - Slapshot by Jamie Benn.
14:42 of 2nd period - Shot Misses the Net.
14:44 of 2nd period - Slapshot by Moritz Seider.
14:44 of 2nd period - Shot Misses the Net.
14:46 of 2nd period - Slapshot by Moritz Seider.
14:46 of 2nd period - Deflect By Jamie Benn.
14:46 of 2nd period - Stopped by Linus Ullmark with a rebound.
15:24 of 2nd period - Wrist shot by Claude Giroux.
15:24 of 2nd period - Shot Misses the Net.
15:26 of 2nd period - Slapshot by Darnell Nurse.
15:26 of 2nd period - Stopped by Linus Ullmark with a rebound.
15:28 of 2nd period - Wrist shot by Jamie Benn.
15:28 of 2nd period - Deflect By Claude Giroux.
15:28 of 2nd period - Goal by Claude Giroux - Tampa Bay Lightning : 3 - Anaheim Ducks : 0.
15:29 of 2nd period - Mark Scheifele wins face-off versus Roope Hintz in neutral zone.
15:43 of 2nd period - Icing by William Nylander.
15:44 of 2nd period - Mark Scheifele wins face-off versus Claude Giroux in Anaheim Ducks zone.
15:51 of 2nd period - Snap shot by William Nylander.
15:51 of 2nd period - Shot Blocked by Claude Giroux.
15:53 of 2nd period - Slapshot by Nazem Kadri.
15:53 of 2nd period - Shot Blocked by Darnell Nurse.
15:55 of 2nd period - Slapshot by Esa Lindell.
15:55 of 2nd period - Stopped by Darcy Kuemper with a rebound.
15:57 of 2nd period - Snap shot by Nazem Kadri.
15:57 of 2nd period - Shot Blocked by Moritz Seider.
15:59 of 2nd period - Slapshot by Joshua Morrissey.
15:59 of 2nd period - Stopped by Darcy Kuemper with a rebound.
16:01 of 2nd period - Slapshot by Joshua Morrissey.
16:01 of 2nd period - Stopped by Darcy Kuemper without a rebound.
16:02 of 2nd period - Roope Hintz wins face-off versus John Tavares in Tampa Bay Lightning zone.
16:02 of 2nd period - Roope Hintz is hit by John Tavares.
16:05 of 2nd period - Minor Penalty to Ben Chiarot for Interference.
16:06 of 2nd period - John Tavares wins face-off versus Jason Dickinson in Tampa Bay Lightning zone.
16:44 of 2nd period - Snap shot by Mark Scheifele.
16:44 of 2nd period - Goal by Mark Scheifele - Tampa Bay Lightning : 3 - Anaheim Ducks : 1.
16:45 of 2nd period - Mark Scheifele wins face-off versus Roope Hintz in neutral zone.
16:55 of 2nd period - Wrist shot by William Nylander.
16:55 of 2nd period - Shot Misses the Net.
16:57 of 2nd period - Slapshot by Esa Lindell.
16:57 of 2nd period - Stopped by Darcy Kuemper with a rebound.
16:59 of 2nd period - Slapshot by Nazem Kadri.
16:59 of 2nd period - Stopped by Darcy Kuemper without a rebound.
17:00 of 2nd period - John Tavares wins face-off versus Claude Giroux in Tampa Bay Lightning zone.
17:01 of 2nd period - Wrist shot by Mason Marchment.
17:01 of 2nd period - Stopped by Darcy Kuemper with a rebound.
17:10 of 2nd period - Off-side.
17:11 of 2nd period - Anze Kopitar wins face-off versus Mark Scheifele in neutral zone.
17:19 of 2nd period - Wrist shot by Anze Kopitar.
17:19 of 2nd period - Stopped by Linus Ullmark with a rebound.
17:21 of 2nd period - Snap shot by Filip Forsberg.
17:21 of 2nd period - Shot Misses the Net.
17:25 of 2nd period - Snap shot by Filip Forsberg.
17:25 of 2nd period - Stopped by Linus Ullmark without a rebound.
17:26 of 2nd period - John Tavares wins face-off versus Roope Hintz in Anaheim Ducks zone.
17:26 of 2nd period - John Tavares is hit by Travis Konecny.
17:52 of 2nd period - Darnell Nurse is hit by Mark Scheifele and loses puck.
18:01 of 2nd period - Snap shot by Nazem Kadri.
18:01 of 2nd period - Deflect By William Nylander.
18:01 of 2nd period - Stopped by Darcy Kuemper without a rebound.
18:02 of 2nd period - Anze Kopitar wins face-off versus William Nylander in Tampa Bay Lightning zone.
18:13 of 2nd period - Snap shot by Filip Forsberg.
18:13 of 2nd period - Shot Hit the Post.
18:15 of 2nd period - Snap shot by Jonathan Huberdeau.
18:15 of 2nd period - Deflect By Nazem Kadri.
18:15 of 2nd period - Goal by Jonathan Huberdeau - Tampa Bay Lightning : 4 - Anaheim Ducks : 1.
18:16 of 2nd period - John Tavares wins face-off versus Roope Hintz in neutral zone.
18:19 of 2nd period - Travis Konecny is hit by Mason Marchment and loses puck.
18:26 of 2nd period - Snap shot by Brayden Schenn.
18:26 of 2nd period - Shot Blocked by Travis Konecny.
18:28 of 2nd period - Backhand shot by Joshua Morrissey.
18:28 of 2nd period - Stopped by Darcy Kuemper without a rebound.
18:29 of 2nd period - John Tavares wins face-off versus Claude Giroux in Tampa Bay Lightning zone.
18:54 of 2nd period - Jonathan Huberdeau is hit by Ivan Provorov and loses puck.
19:19 of 2nd period - Wrist shot by Travis Konecny.
19:19 of 2nd period - Shot Hit the Post.
Goals for this period are 3 for Tampa Bay Lightning vs 1 for Anaheim Ducks.
Shots for this period are 13 for Tampa Bay Lightning vs 18 for Anaheim Ducks.

3rd period


0:01 of 3rd period - Anze Kopitar wins face-off versus Mark Scheifele in neutral zone.
0:17 of 3rd period - Snap shot by Mark Scheifele.
0:17 of 3rd period - Shot Blocked by Michael Matheson.
0:28 of 3rd period - Minor Penalty to Michael Matheson for Holding.
0:29 of 3rd period - Jason Dickinson wins face-off versus John Tavares in Tampa Bay Lightning zone.
1:49 of 3rd period - Jamie Benn is hit by Brayden Schenn and loses puck.
2:28 of 3rd period - Penalty to Michael Matheson is over, Michael Matheson is back on ice.
2:36 of 3rd period - Minor Penalty to Vincent Desharnais for Tripping.
2:37 of 3rd period - Anze Kopitar wins face-off versus John Tavares in Tampa Bay Lightning zone.
3:03 of 3rd period - Ivan Provorov is hit by Jason Dickinson and loses puck.
3:24 of 3rd period - Snap shot by Nazem Kadri.
3:24 of 3rd period - Stopped by Darcy Kuemper with a rebound.
4:32 of 3rd period - Gustav Nyquist is hit by Philip Broberg and loses puck.
4:36 of 3rd period - Penalty to Vincent Desharnais is over, Vincent Desharnais is back on ice.
4:44 of 3rd period - Off-side.
4:45 of 3rd period - Roope Hintz wins face-off versus Chandler Stephenson in neutral zone.
5:20 of 3rd period - Slapshot by Travis Konecny.
5:20 of 3rd period - Stopped by Linus Ullmark without a rebound.
5:21 of 3rd period - John Tavares wins face-off versus Claude Giroux in Anaheim Ducks zone.
5:21 of 3rd period - John Tavares is hit by Claude Giroux.
5:32 of 3rd period - Minor Penalty to Vincent Desharnais for Hooking.
5:33 of 3rd period - William Nylander wins face-off versus Anze Kopitar in Tampa Bay Lightning zone.
7:32 of 3rd period - Penalty to Vincent Desharnais is over, Vincent Desharnais is back on ice.
7:37 of 3rd period - Slapshot by Travis Konecny.
7:37 of 3rd period - Stopped by Linus Ullmark without a rebound.
7:38 of 3rd period - Chandler Stephenson wins face-off versus Roope Hintz in Anaheim Ducks zone.
7:51 of 3rd period - Snap shot by Will Cuylle.
7:51 of 3rd period - Stopped by Darcy Kuemper without a rebound.
7:52 of 3rd period - Mark Scheifele wins face-off versus Claude Giroux in Tampa Bay Lightning zone.
8:07 of 3rd period - Slapshot by Nazem Kadri.
8:07 of 3rd period - Stopped by Darcy Kuemper with a rebound.
8:09 of 3rd period - Snap shot by William Nylander.
8:09 of 3rd period - Shot Misses the Net.
8:26 of 3rd period - Wrist shot by Alex Killorn.
8:26 of 3rd period - Deflect By Chandler Stephenson.
8:26 of 3rd period - Stopped by Darcy Kuemper without a rebound.
8:27 of 3rd period - Anze Kopitar wins face-off versus John Tavares in Tampa Bay Lightning zone.
8:38 of 3rd period - Slapshot by Michael Matheson.
8:38 of 3rd period - Stopped by Linus Ullmark with a rebound.
8:40 of 3rd period - Snap shot by Ben Chiarot.
8:40 of 3rd period - Stopped by Linus Ullmark without a rebound.
8:41 of 3rd period - Mark Scheifele wins face-off versus Claude Giroux in Anaheim Ducks zone.
8:41 of 3rd period - Mark Scheifele is hit by Darnell Nurse.
9:07 of 3rd period - John Tavares is hit by Moritz Seider and loses puck.
10:52 of 3rd period - Snap shot by Will Cuylle.
10:52 of 3rd period - Stopped by Darcy Kuemper with a rebound.
11:42 of 3rd period - Wrist shot by Chandler Stephenson.
11:42 of 3rd period - Shot Misses the Net.
11:44 of 3rd period - Snap shot by Brenden Dillon.
11:44 of 3rd period - Shot Blocked by Gustav Nyquist.
11:46 of 3rd period - Wrist shot by Chandler Stephenson.
11:46 of 3rd period - Stopped by Darcy Kuemper with a rebound.
11:53 of 3rd period - Icing by Dmitry Orlov.
11:54 of 3rd period - Claude Giroux wins face-off versus John Tavares in Tampa Bay Lightning zone.
12:23 of 3rd period - Will Cuylle is hit by Jonathan Huberdeau and loses puck.
12:52 of 3rd period - Snap shot by Roope Hintz.
12:52 of 3rd period - Stopped by Linus Ullmark with a rebound.
13:00 of 3rd period - Snap shot by Gustav Nyquist.
13:00 of 3rd period - Stopped by Linus Ullmark without a rebound.
13:01 of 3rd period - John Tavares wins face-off versus Jason Dickinson in Anaheim Ducks zone.
13:06 of 3rd period - Ivan Provorov is hit by Trevor Moore and loses puck.
14:27 of 3rd period - William Nylander is hit by Anze Kopitar.
14:28 of 3rd period - Icing by William Nylander.
14:29 of 3rd period - Claude Giroux wins face-off versus J.T. Compher in Anaheim Ducks zone.
14:45 of 3rd period - Off-side.
14:46 of 3rd period - Anze Kopitar wins face-off versus John Tavares in neutral zone.
14:49 of 3rd period - Snap shot by Moritz Seider.
14:49 of 3rd period - Shot Blocked by Esa Lindell.
15:39 of 3rd period - Dylan Cozens is hit by Brenden Dillon and loses puck.
16:32 of 3rd period - Snap shot by Jamie Benn.
16:32 of 3rd period - Stopped by Linus Ullmark with a rebound.
16:34 of 3rd period - Snap shot by Jamie Benn.
16:34 of 3rd period - Shot Blocked by Esa Lindell.
17:04 of 3rd period - Brayden Schenn is hit by Jason Dickinson and loses puck.
17:28 of 3rd period - William Nylander is hit by Michael Matheson and loses puck.
17:53 of 3rd period - Brenden Dillon is hit by Travis Konecny.
17:59 of 3rd period - Dmitry Orlov is hit by Joshua Morrissey and loses puck.
18:54 of 3rd period - J.T. Compher is hit by Michael Matheson and loses puck.
19:09 of 3rd period - Wrist shot by Will Cuylle.
19:09 of 3rd period - Shot Misses the Net.
19:19 of 3rd period - Darnell Nurse is hit by Mason Marchment and loses puck.
19:44 of 3rd period - Snap shot by Jonathan Huberdeau.
19:44 of 3rd period - Shot Misses the Net.
Goals for this period are 0 for Tampa Bay Lightning vs 0 for Anaheim Ducks.
Shots for this period are 7 for Tampa Bay Lightning vs 6 for Anaheim Ducks.